 Dungeon Crawl Stone Soup version 0.26-a0-712-ga5a9c9c9d0 (webtiles) character file.

Game seed: 1634147568620107161

154 Azzok the Chopper (level 5, 0/43 HPs)
             Began as a Demonspawn Berserker on Nov 5, 2020.
             Was a Believer of Trog.
             Succumbed to kobold's curare-tipped dart
             ... on level 3 of the Dungeon.
             The game lasted 00:04:44 (3009 turns).

Azzok the Chopper (Demonspawn Berserker)            Turns: 3009, Time: 00:04:44

Health: 0/43       AC:  7    Str: 19    XL:     5   Next: 13%
Magic:  5/5        EV: 11    Int:  8    God:    Trog [**....]
Gold:   85         SH:  0    Dex: 12    Spells: 4/4 levels left

rFire    + . .     SeeInvis .   j - +0 spear (vorpal)
rCold    . . .     Faith    .   (no shield)
rNeg     . . .     Spirit   .   o - +0 ring mail
rPois    .         Reflect  .   (no helmet)
rElec    .         Harm     .   (no cloak)
rCorr    .         Rampage  .   (no gloves)
MR       .....                  h - +0 pair of boots
Stlth    +.........             (no amulet)
HPRegen  0.14/turn              (no ring)
MPRegen  0.09/turn              (no ring)

@: brilliant, lethally poisoned (0 -> -18), stab, flying, hasted and slowed
A: talons 1, rugged brown scales 1, fire resistance 1, powered by pain 1
a: Berserk, Trog's Hand, Renounce Religion


You were on level 3 of the Dungeon.
You worshipped Trog.
Trog was pleased with you.
You visited 1 branch of the dungeon, and saw 3 of its levels.

You collected 85 gold pieces.

Inventory:

Hand Weapons
 a - a +0 hand axe
 j - a +0 vorpal spear (weapon)
Armour
 b - a +0 animal skin
 h - a +0 pair of boots (worn)
 o - a +0 ring mail (worn)
Jewellery
 m - an uncursed amulet of guardian spirit {unknown}
 s - an uncursed ring of magical power {unknown}
Scrolls
 c - 2 scrolls of remove curse {unknown}
 d - 7 scrolls of identify {unknown}
 f - 3 scrolls of enchant armour {unknown}
 g - 3 scrolls of noise {unknown}
 i - 3 scrolls of fear {unknown}
 k - 2 scrolls of teleportation {unknown}
 l - 2 scrolls of enchant weapon {unknown}


   Skills:
 + Level 3.7 Fighting
 * Level 3.9 Axes
 + Level 2.6 Armour
 + Level 2.6 Dodging


You had 4 spell levels left.
You didn't know any spells.
Your spell library was empty.

Dungeon Overview and Level Annotations

Branches:
Dungeon (3/15)

Altars:
Fedhas
Nemelex Xobeh


Innate Abilities, Weirdness & Mutations

You have sharp toenails.
You are partially covered in rugged brown scales. (AC +1, +3% HP)
Your flesh is heat resistant. (rF+)
You sometimes gain a little power by taking damage.


Message History

It was a potion of haste.
You feel yourself speed up.
* * * LOW HITPOINT WARNING * * *
You feel very sick.
It was a potion of flight.
You feel very buoyant.
You fly up into the air.
* * * LOW HITPOINT WARNING * * *
You feel sick.
Okay, then.
It was a potion of brilliance.
You feel clever all of a sudden.
* * * LOW HITPOINT WARNING * * *
You feel sick.
It was a potion of magic.
Magic courses through your body.
* * * LOW HITPOINT WARNING * * *
You feel sick.
Okay, then.
It was a potion of stabbing.
You feel ready to backstab.
You die...

▒▒·▒▒▒▒ ▒··▒ ▒·▒
▒··▒ ▒▒▒[▒▒ ▒·▒ ▒··▒
▒···▒ ▒·▒ [··▒ ▒·▒▒▒
▒▒▒▒▒▒·▒ ▒▒·▒ ▒·▒
▒▒▒······▒ ▒▒·▒ ▒·▒
▒···▒▒▒▒▒▒
▒··▒▒▒▒▒·▒ ▒·▒▒▒▒▒▒
······▒▒·▒▒▒▒·▒▒·(·▒
▒(▒▒▒···········@▒(▒
▒·▒
▒▒▒···▒▒·▒▒▒▒▒·▒▒
▒(▒▒▒··>·▒▒▒·▒ ▒··▒
·(▒▒··▒▒▒▒ ▒·▒ ▒▒(▒
▒·····▒ ▒▒·▒ ▒·▒
···▒▒·▒ ▒▒÷·▒ ▒·▒
▒(▒▒▒·▒▒▒▒··▒▒ ▒·K
▒(▒ ▒·······▒▒▒ ▒▒·
▒·▒▒▒▒▒▒▒·····▒ l▒


There were no monsters in sight!

Vanquished Creatures
  A worker ant (D:3)
  4 gnolls (D:2)
  3 adders
  A worm (D:2)
  A dart slug (D:3)
  2 leopard geckos
  5 bats
  4 giant cockroaches
  5 hobgoblins
  A quokka (D:3)
  4 frilled lizards
  9 goblins
  8 kobolds
  14 rats
62 creatures vanquished.

Vanquished Creatures (others)
  5 plants (D:2)
5 creatures vanquished.

Grand Total: 67 creatures vanquished

Notes
Turn   | Place    | Note
-------+----------+-------------------------------------------
     0 | D:1      | Azzok the Demonspawn Berserker began the quest for the Orb.
     0 | D:1      | Reached XP level 1. HP: 18/18 MP: 1/1
   181 | D:1      | Gained mutation: You are partially covered in rugged brown
                  | scales. (AC +1, +3% HP) [demonic ancestry]
   181 | D:1      | Reached XP level 2. HP: 16/24 MP: 2/2
   717 | D:1      | Found a sparkling altar of Nemelex Xobeh.
   886 | D:1      | Reached ** piety under Trog
  1073 | D:1      | Gained mutation: You sometimes gain a little power by
                  | taking damage. [demonic ancestry]
  1073 | D:1      | Reached XP level 3. HP: 29/29 MP: 3/3
  1581 | D:2      | Gained mutation: Your flesh is heat resistant. (rF+)
                  | [demonic ancestry]
  1581 | D:2      | Reached XP level 4. HP: 16/36 MP: 4/4
  2220 | D:2      | Found a blossoming altar of Fedhas.
  2606 | D:3      | Gained mutation: You have sharp toenails. [demonic
                  | ancestry]
  2606 | D:3      | Reached XP level 5. HP: 43/43 MP: 5/5
  3008 | D:3      | HP: 1/43 [poisoned by kobold (curare-tipped dart)]
  3009 | D:3      | Succumbed to kobold's curare-tipped dart

Illustrated notes

Levels and vault maps discovered:
D:1:      nicolae_arrival_memento_mori, layout_loops_ring,
          nemelex_diamond_rough_becter
D:2:      minmay_wonky_spiral, layout_loops_ring, fedhas_ov_isle_minmay
D:3:      layout_rooms

Skill      XL: |  1  2 |
---------------+-------+-----
Armour         | 2 |  2.6
Axes           | 3 |  3.9
Dodging        | 2 |  2.6
Fighting       | |  3.7

Action                   |  1- 3 |  4- 6 || total
-------------------------+-------+-------++-------
Melee: Hand axe          |   113 |       ||   113
       Spear             |       |   113 ||   113
Invok: Berserk           |     2 |       ||     2
  Use: Potion            |       |     5 ||     5
Armor: Animal skin       |    31 |     2 ||    33
       Ring mail         |       |    34 ||    34
Dodge: Dodged            |    80 |    55 ||   135

Table legend: (Time is in decaauts)
 A = Elapsed time spent in this place.
 B = Non-inter-level travel time spent in this place.
 C = Inter-level travel time spent in this place.
 D = Time resting spent in this place.
 E = Time spent auto-exploring this place.
 F = Levels seen in this place.
 G = Mean time per level.
                   A        B        C        D        E       F      G
               +--------+--------+--------+--------+--------+-----+--------+
         Total |   3047 |   2932 |    115 |    375 |   1995 |   3 | 1015.7 |
       Dungeon |   3047 |   2932 |    115 |    375 |   1995 |   3 | 1015.7 |
               +--------+--------+--------+--------+--------+-----+--------+

Top non-repeatable levels by time:
     D:1: 1566 daAuts
     D:2: 1059 daAuts
     D:3: 421 daAuts
